 Dungeon Crawl Stone Soup version 0.19.5 (webtiles) character file.

463 Caillou112 the Slinger (level 7, 44/44 HPs)
             Began as a Halfling Hunter on May 25, 2017.
             Was an Initiate of Dithmenos.
             Quit the game on level 4 of the Dungeon on May 26, 2017.
             The game lasted 00:07:44 (4030 turns).

Caillou112 the Slinger (Halfling Hunter)            Turns: 4030, Time: 00:07:44

Health: 44/44      AC: 14    Str: 15    XL:     7   Next: 29%
Magic:  7/7        EV:  6    Int:  9    God:    Dithmenos [......]
Gold:   147        SH:  0    Dex: 15    Spells: 0 memorised, 6 levels left

rFire  + . .     SeeInvis .     b - +0 short sword
rCold  . . .     Gourm    .     z - +0 plate armour (curse)
rNeg   . . .     Faith    .     (shield restricted)
rPois  .         Spirit   .     C - +0 helmet
rElec  .         Reflect  .     n - +2 cloak
rCorr  .         Harm     .     (no gloves)
MR     .....                    (no boots)
Stlth  ..........               (no amulet)
                                (no ring)
                                j - ring of protection from fire

@: no status effects
A: mutation resistance 1
a: Renounce Religion


You were on level 4 of the Dungeon.
You worshipped Dithmenos.
Dithmenos was noncommittal.
You were full.

You visited 2 branches of the dungeon, and saw 6 of its levels.

You collected 147 gold pieces.

Inventory:

Hand Weapons
 a - a +1 hunting sling
 b - a +0 short sword (weapon)
Armour
 c - a +0 leather armour
 n - a +2 cloak (worn)
 y - a +0 chain mail
 z - a cursed +0 plate armour (worn)
 C - a +0 helmet (worn)
Jewellery
 j - a ring of protection from fire (left hand)
Wands
 p - a wand of random effects (28/48)
Scrolls
 g - 2 scrolls of amnesia {unknown}
 k - 2 scrolls of teleportation {unknown}
 m - 3 scrolls of noise {unknown}
 o - 2 scrolls of magic mapping {unknown}
 r - a scroll of remove curse {unknown}
 v - 4 scrolls of immolation {unknown}
 x - 4 scrolls of identify {unknown}
 A - a scroll of enchant armour {unknown}
 B - 2 scrolls of fog {unknown}
 D - 2 scrolls of blinking {unknown}
Potions
 e - 3 potions of curing {unknown}
 h - a potion of beneficial mutation {unknown}
 l - 2 potions of heal wounds {unknown}
 q - a potion of haste {unknown}
 s - a potion of lignification {unknown}
 u - a potion of degeneration {unknown}
 w - a potion of berserk rage {unknown}
 F - 2 potions of might {unknown}
Comestibles
 i - a meat ration
 E - a beef jerky


   Skills:
 - Level 1.7 Fighting
 + Level 11.5 Slings
 - Level 2.1 Dodging
 - Level 1.1 Stealth


You had 6 spell levels left.
You didn't know any spells.

Dungeon Overview and Level Annotations

Branches:
Dungeon (5/15)             Temple (1/1) D:4

Altars:
Ashenzari
Cheibriados
Dithmenos
Elyvilon
Fedhas
Gozag
Kikubaaqudgha
Makhleb
Qazlal
Ru
Sif Muna
Trog
Uskayaw
Xom
Yredelemnul
Zin
The Shining One


Innate Abilities, Weirdness & Mutations

You are small and have problems with some larger weapons.
You are somewhat resistant to further mutation.


Message History

The adder bites you but does no damage.
The phantom blinks!
The adder bites you.
* * * LOW HITPOINT WARNING * * *
Found a blossoming altar of Fedhas.
The hound zombie bites you but does no damage.
The centaur shouts!
The centaur shoots an arrow.
The arrow hits you but does no damage.
The phantom blinks!
The hound zombie barely misses you.
You see here an arrow.
You hear the quick rusting of a very distant drain.
The hound zombie bites you but does no damage.
There is a stone staircase leading up here.
The hound zombie bites you but does no damage.
The adder bites you.
* * * LOW HITPOINT WARNING * * *
You climb upwards.
There is a stone staircase leading down here.
You start resting.
HP restored.
Are you sure you want to abandon this character and quit the game? (Confirm with "yes".)

#..............##.......#.#.
#..............##.......#.#.
#...##.........##.......#.#.
#...##.........##.......#.#.
#...##.........##.........#.
#...##.........###..###.###.
######.........# #..# #.# #.
#.........# #..# #.# #.
#.....@...# #..# #.####
#######'#.# #..# #.....
#.#.###..#######.
#.#.#............
#.#.#.#########.. #.#.#.#
#.. #.#.#.#########..
#................
###.#.........)..


There were no monsters in sight!

Vanquished Creatures
  An ice beast (D:4)
  An ogre (D:5)
  A howler monkey (D:4)
  A jelly (D:5)
  2 worker ants
  5 gnolls
  4 adders
  2 oozes
  An adder skeleton (D:4)
  4 worms
  A dart slug (D:1)
  2 leopard geckos
  2 orcs
  6 bats
  3 goblins
  5 hobgoblins
  7 jackals
  5 kobolds
  4 quokkas
  3 frilled lizards
  5 rats
65 creatures vanquished.

Notes
Turn   | Place    | Note
-------+----------+-------------------------------------------
     0 | D:1      | Caillou112 the Halfling Hunter began the quest for the Orb.
     0 | D:1      | Reached XP level 1. HP: 14/14 MP: 1/1
     1 | D:1      | Noticed an electric eel
    17 | D:1      | Reached skill level 6 in Slings
    63 | D:1      | Reached XP level 2. HP: 19/19 MP: 2/2
   262 | D:1      | Reached skill level 7 in Slings
   262 | D:1      | Reached XP level 3. HP: 24/24 MP: 3/3
   939 | D:2      | Found a shimmering altar of Xom.
   947 | D:2      | Reached XP level 4. HP: 29/29 MP: 4/4
  1131 | D:2      | Found a faded altar of an unknown god.
  1131 | D:2      | Found a faded altar of an unknown god.
  1138 | D:2      | Found a faded altar of an unknown god.
  1140 | D:2      | Found a faded altar of an unknown god.
  1141 | D:2      | Found a glowing silver altar of Zin.
  1502 | D:3      | Reached skill level 8 in Slings
  1514 | D:3      | Found a deep blue altar of Sif Muna.
  1772 | D:3      | Reached XP level 5. HP: 32/34 MP: 5/5
  2283 | D:4      | Found a staircase to the Ecumenical Temple.
  2292 | Temple   | Entered the Ecumenical Temple
  2298 | D:4      | Reached skill level 9 in Slings
  2814 | D:4      | Found a shadowy altar of Dithmenos.
  2819 | D:4      | Became a worshipper of Dithmenos the Shadowed
  3301 | D:5      | Entered Level 5 of the Dungeon
  3306 | D:4      | Reached XP level 6. HP: 35/39 MP: 6/6
  3419 | D:4      | Reached skill level 10 in Slings
  3622 | D:5      | Found a blossoming altar of Fedhas.
  3622 | D:5      | Noticed an ice beast
  3633 | D:4      | Killed an ice beast
  3697 | D:5      | Noticed an ogre
  3698 | D:5      | Noticed a phantom
  3714 | D:5      | Killed an ogre
  3714 | D:5      | Reached skill level 11 in Slings
  3714 | D:5      | Reached XP level 7. HP: 17/44 MP: 7/7
  3747 | D:5      | Found a blossoming altar of Fedhas.
  4030 | D:4      | Quit the game

Skill      XL: |  1  2  3  4  5  6 |
---------------+-------------------+-----
Slings         | 6 7 8 9 11 | 11.5
Fighting       | |  1.7
Dodging        | |  2.1
Stealth        | |  1.1

Action                   |  1- 3 |  4- 6 |  7- 9 || total
-------------------------+-------+-------+-------++-------
Melee: Short sword       |       |       |     2 ||     2
 Fire: Hunting sling     |    74 |   173 |    13 ||   260
  Eat: Chunk             |       |     5 |       ||     5
       Bread ration      |       |     2 |       ||     2
Armor: Leather armour    |     3 |       |       ||     3
       Chain mail        |       |     6 |       ||     6
       Plate armour      |       |    13 |    17 ||    30
Dodge: Dodged            |    13 |    17 |     2 ||    32
